Map: Ruins of Seras

Players

개토스

  • Race: Protoss Protoss

Bagain - Winner!

  • Race: Protoss Protoss
  • League: Gold

VOD

Have the link to the VOD?

Description

Time

  • Played on: Feb. 5, 2016, 3:44 a.m.
  • Length: 7:55
Show
View Real Time Build Order
Export as new Build Order

개토스 Protoss 

Build Orders:  

Get SALT Encoding   

  12  0:02  Probe (Chrono Boost)  
  13  0:14  Pylon  
  13  0:18  Probe (Chrono Boost)  
  14  0:32  Gateway  
  14  0:34  Probe (Chrono Boost)  
  15  0:41  Assimilator  
  15  0:45  Probe (Chrono Boost)  
  16  0:54  Assimilator  
  16  0:57  Probe (Chrono Boost)  
  17  1:08  Probe (Chrono Boost)  
  18  1:15  Pylon  
  18  1:20  Cybernetics Core  
  18  1:21  Probe (Chrono Boost)  
  19  1:32  Probe (Chrono Boost)  
  20  1:42  Probe (Chrono Boost)  
  21  1:53  Probe (Chrono Boost)  
  22  1:56  Warp Gate  
  22  1:58  Adept  
  24  2:04  Mothership Core (Chrono Boost)  
  26  2:12  Pylon  
  26  2:19  Twilight Council  
  26  2:35  Probe (Chrono Boost)  
  27  2:39  Pylon  
  27  2:52  Robotics Facility  
  27  2:57  Resonating Glaives (Chrono Boost)  
  27  3:24  Adept  
  28  3:37  Gateway  
  28  3:38  Gateway  
  28  3:40  Gateway  
  28  3:49  Warp Prism (Chrono Boost)  
  30  4:37  Adept x4  
  38  4:56  Pylon  
  38  5:11  Adept x3  
  42  5:30  Pylon  
  40  5:47  Adept x2  
  40  5:48  Adept x2  
  48  5:55  Adept x2  
  32  6:07  Dark Shrine  
  32  6:08  Warp Prism (Chrono Boost)  
  34  6:13  Adept x2  
  38  6:33  Adept x2  
  38  6:38  Adept  
  38  6:39  Adept  
  46  7:28  Dark Templar  
  46  7:38  Adept x2  
  46  7:39  Adept  
Show
View Real Time Build Order
Export as new Build Order

Bagain Protoss - Winner!

Build Orders: Nexus First 

Get SALT Encoding   

  12  0:01  Probe (Chrono Boost)  
  13  0:12  Probe (Chrono Boost)  
  14  0:22  Pylon  
  14  0:26  Probe (Chrono Boost)  
  15  0:41  Probe (Chrono Boost)  
  16  0:51  Probe (Chrono Boost)  
  17  1:03  Nexus  
  17  1:07  Probe (Chrono Boost)  
  18  1:17  Gateway  
  18  1:22  Assimilator  
  18  1:29  Pylon  
  19  1:32  Probe (Chrono Boost)  
  19  1:43  Probe (Chrono Boost)  
  20  1:52  Gateway  
  20  1:58  Assimilator  
  20  2:00  Probe (Chrono Boost)  
  21  2:06  Cybernetics Core  
  21  2:14  Probe (Chrono Boost)  
  22  2:16  Probe (Chrono Boost)  
  23  2:25  Forge  
  23  2:27  Probe (Chrono Boost)  
  24  2:39  Probe (Chrono Boost)  
  25  2:44  Pylon  
  25  2:48  Adept x2  
  29  2:51  Warp Gate  
  29  2:54  Probe (Chrono Boost)  
  30  3:02  Probe (Chrono Boost)  
  30  3:05  Probe (Chrono Boost)  
  31  3:12  Pylon, Probe (Chrono Boost)  
  32  3:15  Probe (Chrono Boost)  
  33  3:26  Probe (Chrono Boost)  
  35  3:29  Mothership Core (Chrono Boost)  
  35  3:32  Photon Cannon  
  36  3:38  Photon Cannon  
  36  3:41  Probe (Chrono Boost)  
  37  3:51  Stalker x2  
  41  4:15  Robotics Facility  
  41  4:18  Pylon  
  41  4:20  Gateway  
  41  4:25  Gateway  
  41  4:28  Assimilator  
  41  4:30  Probe (Chrono Boost)  
  42  4:35  Photon Cannon  
  42  4:40  Probe (Chrono Boost), Assimilator  
  43  4:47  Pylon  
  43  5:03  Observer (Chrono Boost)  
  43  5:04  Probe  
  43  5:06  Probe  
  46  5:17  Stalker  
  46  5:18  Stalker  
  49  5:26  Stalker x2  
  46  6:09  Immortal (Chrono Boost), Stalker x3  
  46  6:10  Probe  
  56  6:11  Probe  
  58  6:21  Photon Cannon  
  58  6:22  Probe  
  58  6:24  Probe  
  60  6:34  Adept x2  
  64  6:45  Photon Cannon  
  64  6:47  Photon Cannon  
  64  6:52  Probe  
  64  6:54  Probe  
  66  7:03  Probe  
  66  7:06  Probe  
  66  7:07  Stalker  
  70  7:13  Probe  
  71  7:18  Probe  
  72  7:24  Probe  
  72  7:28  Stalker x2  
  77  7:30  Probe  
Tags
 
League
Gold
Matchup
PvP
Replay Pack
rep
Add a new tag
Caveats
  • Supply blocks, unpowered buildings, or Contaminate may cause inaccurate times.
  • Supply counts are checked every 10 seconds.